 Dungeon Crawl Stone Soup version 0.24-a0-769-g368c164 (webtiles) character file.

Game seed: 6503291209757176500, levelgen mode: deterministic

2849 BoppinsLewinski the Blocker (level 10, 72/79 HPs)
             Began as a Formicid Fighter on Oct 4, 2019.
             Was a Believer of Trog.
             Got out of the dungeon alive.
             The game lasted 00:20:04 (5811 turns).

BoppinsLewinski the Blocker (Formicid Fighter)      Turns: 5811, Time: 00:20:05

Health: 72/79      AC: 14    Str: 26    XL:     10   Next: 4%
Magic:  14/14      EV:  7    Int:  8    God:    Trog [**....]
Gold:   362        SH: 11    Dex: 10    Spells: 9/9 levels left

rFire    . . .     SeeInvis +   m - +0 war axe (venom)
rCold    . . .     Gourm    .   c - +0 shield
rNeg     + . .     Faith    .   r - +0 plate armour
rPois    .         Spirit   .   (helmet unavailable)
rElec    .         Reflect  .   (no cloak)
rCorr    .         Harm     .   (no gloves)
MR       +....                  l - +0 pair of boots
Stlth    ..........             (no amulet)
HPRegen  0.23/turn              q - +2 ring of strength
MPRegen  0.14/turn              x - ring of positive energy

@: no status effects
A: permanent stasis, dig shafts and tunnels, four strong arms, antennae 3
a: Dig, Shaft Self, Trog's Hand, Renounce Religion


You escaped.
You worshipped Trog.
Trog was pleased with you.
You were hungry.

You visited 1 branch of the dungeon, and saw 7 of its levels.

You collected 362 gold pieces.

Inventory:

Hand Weapons
 a - a +0 war axe
 m - a +0 war axe of venom (weapon)
 v - the +9 mace of Circular Logic {freeze, rPois}
   (You took it off an orc on level 5 of the Dungeon)

   It has been specially enchanted to freeze those struck by it, causing extra
   injury to most foes and up to half again as much damage against particularly
   susceptible opponents.
   It can also slow down cold-blooded creatures.
   It protects you from poison.
Armour
 c - a +0 shield (worn)
 l - a +0 pair of boots (worn)
 r - a +0 plate armour (worn)
Jewellery
 q - a +2 ring of strength (left hand)
 w - an uncursed ring of protection from fire
 x - a ring of positive energy (right hand)
Scrolls
 e - a scroll of enchant armour {unknown}
 g - 3 scrolls of teleportation {unknown}
 i - 3 scrolls of remove curse {unknown}
 n - a scroll of enchant weapon
 s - 2 scrolls of amnesia {unknown}
 y - a scroll of fog {unknown}
 A - a scroll of magic mapping {unknown}
Potions
 b - 3 potions of mutation
 d - a potion of ambrosia
 j - 7 potions of curing
 k - a potion of cancellation
 z - a potion of berserk rage {unknown}
Comestibles
 f - 16 rations


   Skills:
 + Level 7.3 Fighting
 + Level 6.3 Axes
 + Level 7.3 Armour
 + Level 8.2 Shields
   Level 5.4 Evocations


You had 9 spell levels left.
You didn't know any spells.
Your spell library was empty.

Dungeon Overview and Level Annotations

Branches:
Dungeon (7/15)             Temple (0/1) D:5

Altars:
Ashenzari
Nemelex Xobeh
Ru
Trog
Vehumet
The Shining One

Shops:
D:4 %

Annotations:
D:6 exclusion: statue


Innate Abilities, Weirdness & Mutations

You cannot be hasted, slowed, berserked, paralysed or teleported.
You can dig through walls and to a lower floor.
Your four strong arms can wield two-handed weapons with a shield.
You have a pair of large antennae on your head. (SInv)


Message History

Thar be a stone staircase leadin' down 'ere.
Thar be a stone staircase leadin' up 'ere.
Ye climb upwards.
Thar be a stone staircase leadin' down 'ere.
Thar be a stone staircase leadin' up 'ere.
Ye climb upwards.
Thar be a stone staircase leadin' down, spatt'red wit' blood 'ere.
Ye see 'ere a +0 scale mail.
Thar be an op'n door 'ere.
Thar be a stone staircase leadin' up 'ere.
Ye climb upwards.
Thar be a stone staircase leadin' down 'ere.
(D) Dungeon (T) Temple Where ta? (Enter - D:1, ? - help) Okay, than.
Ye enter tha shallow water.
Movin' in 'tis stuff be goin' ta be slow.
Thar be a staircase leadin' outta tha dungeon 'ere.
Be ye sure ye want ta leave tha Dungeon? 'tis will make ye lose tha game!
Ye haf 'scaped!

...##### ########....#....
...#†..####### ##..##.#######.##.
...####..#.#.###.###....#####....
...#####..#...........≈....##....
...#.#....##..≈≈≈.....≈≈≈.)##.###
##...##......)≈≈≈.≈....≈≈≈.##.#
##.#..#..≈≈..≈≈≈.≈≈≈≈......##.#
..[##.##..≈≈≈≈≈...≈≈≈≈....###.#
...###.##..≈≈≈..@..≈≈≈...##.#.#
...#.##...≈≈≈≈≈...≈≈≈≈≈.##....#
...##..#...≈≈≈≈≈.≈≈≈≈≈...##...#
...####......≈≈.≈≈≈≈...###..#.#
...######......≈≈≈......#..##.#
...#.....#..##............##..#
##.#.)#......#######.....##..##
#.##.######## #..######..#.##
##.#############...########.#


There were no monsters in sight!

Vanquished Creatures
  The ghost of kd29 the Digger, an amateur GrEE (D:5)
  Eustachio (D:6)
  The ghost of Maelson the Grave Robber, an amateur DENe (D:3)
  A black bear (D:6)
  3 sky beasts
  An orc warrior (D:7)
  2 ice beasts (D:6)
  A phantom (D:3)
  2 centaurs
  An ogre (D:6)
  2 big kobolds (D:6)
  3 bullfrogs
  A scorpion (D:4)
  6 killer bees (D:7)
  5 crimson imps
  2 hounds
  2 bullfrog skeletons (D:6)
  2 centaur skeletons (D:3)
  An orc wizard (D:7)
  Jessica (D:2)
  3 worker ants
  A hound zombie (D:3)
  10 gnolls
  11 adders
  A shadow imp (D:6)
  An ooze (D:1)
  5 worms
  5 dart slugs
  3 leopard geckos
  10 orcs
  8 giant cockroaches
  13 goblins
  12 hobgoblins
  14 jackals
  10 kobolds
  2 quokkas
  13 bats
  11 frilled lizards
  2 quokka zombies (D:5)
  13 rats
187 creatures vanquished.

Notes
Turn   | Place    | Note
-------+----------+-------------------------------------------
     0 | D:1      | BoppinsLewinski the Formicid Fighter began the quest for
                  | the Orb.
     0 | D:1      | Reached XP level 1. HP: 18/18 MP: 1/1
    76 | D:1      | Reached XP level 2. HP: 20/24 MP: 2/2
   201 | D:1      | Reached skill level 4 in Shields
   201 | D:1      | Reached XP level 3. HP: 28/29 MP: 3/3
   634 | D:2      | Reached XP level 4. HP: 37/37 MP: 4/4
   714 | D:2      | Reached XP level 5. HP: 20/42 MP: 5/5
  1064 | D:2      | Noticed Jessica
  1067 | D:2      | Killed Jessica
  1304 | D:2      | Reached XP level 6. HP: 48/48 MP: 6/6
  1348 | D:2      | Reached skill level 5 in Shields
  1348 | D:2      | Reached skill level 1 in Evocations
  2138 | D:3      | Found a transporter.
  2147 | D:3      | Noticed a phantom
  2174 | D:3      | Found a transporter.
  2175 | D:3      | Noticed Maelson's ghost (amateur DENe)
  2593 | D:3      | Killed Maelson's ghost
  2593 | D:3      | Reached XP level 7. HP: 55/55 MP: 8/8
  2611 | D:3      | Reached skill level 5 in Fighting
  2611 | D:3      | Reached skill level 5 in Armour
  2791 | D:3      | Found a bloodstained altar of Trog.
  2799 | D:3      | Became a worshipper of Trog the Wrathful
  3087 | D:4      | Found Olyd's Food Shoppe.
  3089 | D:4      | Found a sacrificial altar of Ru.
  3379 | D:5      | Entered Level 5 of the Dungeon
  3491 | D:5      | Found a glowing golden altar of the Shining One.
  3496 | D:5      | Found a transporter.
  3505 | D:5      | Noticed kd29's ghost (amateur GrEE)
  3513 | D:5      | Found a transporter.
  3525 | D:5      | Identified the +9 mace of Circular Logic {freeze, rPois}
  3557 | D:5      | Reached skill level 6 in Shields
  3557 | D:5      | Reached XP level 8. HP: 44/62 MP: 10/10
  3580 | D:5      | Killed kd29's ghost
  3632 | D:5      | Found a glowing golden altar of the Shining One.
  4033 | D:5      | Reached * piety under Trog
  4049 | D:5      | Found a staircase to the Ecumenical Temple.
  4522 | D:6      | Noticed Eustachio
  4536 | D:6      | Killed Eustachio
  4536 | D:6      | Reached skill level 5 in Axes
  4536 | D:6      | Reached XP level 9. HP: 65/69 MP: 12/12
  4549 | D:6      | Reached skill level 7 in Shields
  4639 | D:6      | Found a radiant altar of Vehumet.
  4687 | D:6      | Found a shattered altar of Ashenzari.
  4829 | D:6      | Found a sparkling altar of Nemelex Xobeh.
  4835 | D:6      | Reached skill level 5 in Evocations
  5204 | D:7      | Reached ** piety under Trog
  5538 | D:7      | Reached skill level 8 in Shields
  5599 | D:7      | Reached XP level 10. HP: 48/79 MP: 14/14
  5811 | D:$      | Got out of the dungeon alive.

Levels and vault maps discovered:
D:1:      dpeg_arrival_subterranean_lakeside_camping, layout_basic
D:2:      layout_loops_corners, serial_park_tiny_2, kennysheep_flooded_box,
          st_stairs_6, minmay_door_square, minmay_joined_circles, uniq_jessica
D:3:      layout_basic, marbit_many_paths, gammafunk_ghost_mausoleum,
          grunt_ministairs_3
D:4:      layout_rooms, nicolae_overflow_hidden_temple, lemuel_crystal_altar,
          serial_shops, shop
D:5:      layout_basic, old_standard_altar, temple_hall, gammafunk_ghost_arena,
          first_ration, basic_altar
D:6:      layout_basic, nicolae_overflow_crystal_walls, vehumet_statue,
          cheibrodos_ashenzari_chains, uniq_eustachio
D:7:      layout_cave_pools

Skill      XL: |  1  2  3  4  5  6  7  8  9 |
---------------+----------------------------+-----
Shields        | 4 5 6 8 |  8.2
Armour         | 4 5 6 7 |  7.3
Fighting       | 4 5 6 7 |  7.3
Axes           | 3 4 5 6 |  6.3
Evocations     | 2 3 4 5 |  5.4

Action                   |  1- 3 |  4- 6 |  7- 9 | 10-12 || total
-------------------------+-------+-------+-------+-------++-------
Melee: War axe           |   118 |   245 |   313 |    16 ||   692
       Mace              |       |       |    10 |       ||    10
Invok: Trog's Hand       |       |       |     1 |       ||     1
 Abil: Dig               |       |       |     1 |       ||     1
Evoke: Wand              |       |     3 |     5 |       ||     8
  Use: Potion            |       |     4 |     5 |       ||     9
       Scroll            |       |     5 |     4 |       ||     9
  Eat: Chunk             |       |     6 |    11 |       ||    17
Armor: Scale mail        |     9 |       |       |       ||     9
       Chain mail        |    49 |   104 |       |       ||   153
       Skin              |       |     7 |     5 |       ||    12
       Plate armour      |       |     6 |   159 |    12 ||   177
Dodge: Dodged            |    31 |    55 |    91 |     8 ||   185
Block: Shield            |    74 |   159 |   223 |    13 ||   469

Table legend:
 A = Non-vault XP
 B = Vault XP
 C = Vault XP percentage of total XP
 D = Non-vault monster count
 E = Vault monster count
 F = Vault count percentage of total count
                 A         B        C        D         E       F
            +---------+---------+-------+---------+---------+-------
      Total |    2953 |    1118 |  27.5 |     152 |      35 |  18.7
            +---------+---------+-------+---------+---------+-------
        D:1 |      58 |       8 |  12.1 |      31 |       6 |  16.2
        D:2 |     168 |     151 |  47.3 |      42 |      16 |  27.6
        D:3 |      42 |     383 |  90.1 |       6 |       9 |  60.0
        D:4 |     152 |       0 |   0.0 |       8 |       0 |   0.0
        D:5 |     272 |     379 |  58.2 |      13 |       3 |  18.8
        D:6 |    1545 |     197 |  11.3 |      36 |       1 |   2.7
        D:7 |     716 |       0 |   0.0 |      16 |       0 |   0.0
            +---------+---------+-------+---------+---------+-------
